Map: Dusk Towers

Players

Aiden

  • Race: Terran Terran
  • League: Master

Nashville - Winner!

  • Race: Protoss Protoss
  • League: Gold

VOD

Have the link to the VOD?

Description

Time

  • Played on: April 7, 2016, 4:44 p.m.
  • Length: 13:33
Show
View Real Time Build Order
Export as new Build Order

Aiden Terran 

Build Orders: Command Center First (CC), MMM Bio 

Get SALT Encoding   

  12  0:01  SCV  
  13  0:13  SCV  
  14  0:19  Supply Depot  
  14  0:25  SCV  
  15  0:40  SCV  
  16  0:52  SCV  
  17  1:01  Command Center  
  17  1:14  SCV  
  17  1:15  Barracks  
  18  1:25  Barracks  
  18  1:28  SCV  
  19  1:36  Refinery  
  19  1:40  SCV  
  20  1:50  Barracks  
  20  2:04  Orbital Command  
  20  2:05  Marine  
  21  2:13  Orbital Command  
  21  2:22  Marine  
  22  2:24  Marine  
  23  2:31  SCV  
  24  2:39  Marine  
  24  2:41  Marine  
  26  2:44  Marine  
  26  2:47  Refinery  
  27  2:53  Supply Depot  
  27  2:57  Marine  
  28  2:58  Marine  
  28  3:02  Marine  
  28  3:03  SCV x2  
  32  3:15  SCV x2, Marine  
  32  3:16  Marine, Supply Depot  
  36  3:21  Barracks Tech Lab  
  36  3:27  SCV  
  36  3:30  SCV  
  36  3:33  Marine  
  39  3:34  Marine  
  40  3:43  Stimpack  
  40  3:45  Factory, SCV x2  
  42  3:56  Marine, Engineering Bay  
  42  3:58  Engineering Bay  
  42  3:59  Barracks Reactor  
  42  4:02  SCV  
  44  4:21  Command Center  
  44  4:29  Factory Tech Lab  
  44  4:30  Barracks Tech Lab  
  44  4:37  Marine x2  
  46  4:45  SCV  
  47  4:47  Terran Infantry Weapons Level 1  
  47  4:48  Terran Infantry Armor Level 1  
  47  4:50  Siege Tank  
  50  5:01  Refinery  
  50  5:03  Starport  
  50  5:10  Refinery  
  50  5:12  Missile Turret  
  50  5:16  Combat Shields  
  50  5:19  Marine x3  
  53  5:28  Supply Depot  
  53  5:41  Starport Reactor  
  53  5:45  Orbital Command  
  53  5:54  SCV x2  
  53  5:55  Marine  
  53  5:56  Marauder  
  58  5:59  Concussive Shells  
  58  6:06  SCV  
  58  6:08  Marauder  
  61  6:16  Armory  
  61  6:20  Medivac x2  
  61  6:24  SCV  
  66  6:32  Marine, Siege Tank  
  69  6:33  Marine  
  69  6:37  Supply Depot  
  71  6:41  Marine, Marauder  
  74  6:48  Missile Turret  
  74  6:50  Marine  
  75  6:58  Orbital Command  
  75  7:08  SCV x2  
  77  7:20  SCV x2  
  77  7:22  Barracks  
  79  7:23  Barracks  
  79  7:28  SCV  
  79  7:29  Marine, Marauder, Terran Infantry Weapons Level 2  
  83  7:30  Terran Infantry Armor Level 2  
  83  7:31  Medivac  
  85  7:43  Marine  
  85  7:45  Medivac  
  85  7:47  Marauder  
  77  8:04  Liberator x2  
  67  8:11  Marine x3, Marauder  
  66  8:17  Barracks Reactor  
  66  8:23  Barracks Tech Lab  
  66  8:26  SCV x2  
  66  8:27  SCV  
  75  8:28  Marine, Starport  
  75  8:29  Marine, Marauder  
  75  8:32  Marine  
  80  8:38  SCV x2  
  83  8:41  SCV  
  83  8:44  Marine  
  83  8:46  Marine  
  85  8:52  Supply Depot  
  85  8:53  Terran Ship Weapons Level 1  
  85  8:54  Supply Depot  
  85  9:04  Supply Depot  
  85  9:14  SCV, Marine x3, Marauder x2, Fusion Core  
  85  9:15  SCV, Marine  
  85  9:16  Marauder  
  97  9:18  SCV  
  97  9:20  Siege Tank  
  97  9:21  Starport Reactor  
  101  9:26  SCV  
  101  9:27  SCV  
  101  9:30  SCV, Supply Depot  
  104  9:31  Marine x3  
  104  9:33  Marine, Supply Depot  
  104  9:35  Liberator x2  
  108  9:46  Refinery  
  108  9:48  Refinery  
  108  9:49  Marine  
  108  9:51  Supply Depot  
  108  9:52  Marauder, Supply Depot  
  117  9:54  Marauder  
  117  9:55  Marauder  
  121  10:02  Marine x2  
  121  10:03  SCV  
  124  10:14  Command Center, Marauder  
  126  10:16  Marauder x2  
  126  10:17  Marine  
  131  10:25  SCV x2  
  133  10:33  SCV  
  133  10:35  Marauder  
  136  10:36  Marine x2  
  136  10:37  SCV, Supply Depot, Marauder  
  136  10:41  Advanced Ballistics  
  136  10:42  Supply Depot  
  141  10:44  Refinery  
  141  10:45  Supply Depot  
  141  10:49  Supply Depot  
  141  10:58  Medivac x2, SCV  
  141  10:59  Marauder  
  148  11:08  SCV  
  149  11:12  Marine, Marauder  
  149  11:17  Barracks x2  
  152  11:19  Barracks  
  136  11:30  Marine x4, Marauder  
  136  11:31  Marauder  
  141  11:34  Marauder  
  139  11:46  Missile Turret  
  134  11:48  Marine  
  134  11:52  Marauder x2  
  135  12:07  Marine x4, Marauder  
  108  12:13  Marauder x2  
  84  12:17  Liberator x2  
  84  12:24  Marine  
  84  12:25  Marine x3  
  84  12:29  Marauder  
  90  12:34  Marauder  
  90  12:35  Marauder  
  100  12:42  Marine x2  
  100  12:43  Marine x2  
  103  12:44  Barracks Tech Lab  
  103  12:50  Marine, Marauder  
  106  12:56  Marauder x2  
  110  13:00  Marine  
  111  13:06  Marauder  
  111  13:10  Refinery  
  111  13:11  Marauder  
Show
View Real Time Build Order
Export as new Build Order

Nashville Protoss - Winner!

Build Orders: Nexus First 

Get SALT Encoding   

  12  0:01  Probe (Chrono Boost)  
  13  0:12  Probe (Chrono Boost)  
  14  0:21  Pylon  
  14  0:23  Probe (Chrono Boost)  
  15  0:39  Probe (Chrono Boost)  
  17  0:50  Probe (Chrono Boost)  
  17  0:59  Nexus  
  18  1:04  Probe (Chrono Boost)  
  18  1:14  Gateway  
  18  1:16  Probe (Chrono Boost)  
  19  1:22  Assimilator  
  19  1:28  Assimilator  
  19  1:32  Probe (Chrono Boost)  
  20  1:46  Gateway  
  20  2:00  Probe (Chrono Boost)  
  21  2:07  Cybernetics Core  
  21  2:11  Probe (Chrono Boost)  
  21  2:12  Probe (Chrono Boost)  
  23  2:22  Pylon, Probe (Chrono Boost)  
  24  2:25  Probe (Chrono Boost)  
  25  2:35  Probe (Chrono Boost)  
  26  2:40  Probe (Chrono Boost)  
  27  2:46  Probe (Chrono Boost)  
  27  2:48  Stalker x2  
  27  2:49  Warp Gate (Chrono Boost)  
  33  2:51  Probe (Chrono Boost)  
  33  2:57  Mothership Core (Chrono Boost)  
  35  3:03  Probe (Chrono Boost)  
  36  3:13  Pylon  
  36  3:14  Probe (Chrono Boost)  
  36  3:15  Probe (Chrono Boost)  
  38  3:21  Twilight Council  
  38  3:24  Probe (Chrono Boost)  
  39  3:31  Probe (Chrono Boost)  
  40  3:36  Stalker x2  
  44  3:43  Pylon  
  44  3:45  Probe  
  45  3:49  Probe  
  45  3:53  Forge  
  46  3:58  Pylon, Probe  
  46  4:00  Probe  
  46  4:01  Robotics Facility  
  48  4:03  Assimilator  
  48  4:08  Blink (Chrono Boost)  
  48  4:23  Probe  
  49  4:25  Probe  
  49  4:27  Assimilator  
  50  4:39  Pylon  
  50  4:45  Protoss Ground Weapons Level 1 (Chrono Boost)  
  50  4:48  Observer  
  51  4:58  Adept x2  
  55  5:05  Gateway  
  55  5:06  Gateway  
  55  5:07  Gateway  
  55  5:10  Gateway  
  55  5:14  Pylon  
  55  5:18  Observer  
  56  5:23  Probe x2, Stalker  
  56  5:24  Stalker  
  62  5:35  Probe x2  
  64  5:40  Photon Cannon  
  64  5:46  Photon Cannon  
  64  5:47  Probe, Immortal  
  64  5:48  Stalker  
  64  5:49  Stalker  
  73  5:51  Probe  
  74  5:59  Probe  
  74  6:04  Probe  
  76  6:11  Resonating Glaives  
  76  6:14  Nexus  
  76  6:21  Probe  
  76  6:22  Adept  
  76  6:23  Adept  
  76  6:24  Pylon  
  81  6:25  Pylon  
  81  6:29  Protoss Ground Armor Level 1 (Chrono Boost)  
  81  6:42  Observer  
  82  6:54  Adept x5  
  82  6:55  Adept  
  94  7:02  Probe x2  
  94  7:03  Pylon, Forge  
  94  7:06  Pylon  
  94  7:08  Pylon  
  96  7:11  Observer  
  97  7:17  Sentry  
  97  7:18  Sentry  
  101  7:31  Adept  
  101  7:32  Adept x3, Templar Archives  
  74  8:07  Adept x5  
  74  8:08  Adept  
  72  8:16  Probe x2  
  72  8:19  Probe, Psionic Storm  
  74  8:21  Pylon, Protoss Ground Armor Level 2 (Chrono Boost)  
  74  8:23  Pylon, Warp Prism  
  74  8:26  Pylon  
  77  8:28  Probe  
  77  8:29  Protoss Ground Weapons Level 2 (Chrono Boost)  
  77  8:31  Assimilator  
  78  8:35  Assimilator  
  78  8:41  High Templar x2  
  82  8:44  High Templar  
  84  8:49  Probe  
  84  8:50  Probe  
  84  8:51  Probe  
  84  8:52  Adept x3  
  93  9:00  Probe  
  94  9:03  Probe  
  95  9:15  Dark Shrine  
  95  9:17  Immortal  
  95  9:20  Adept  
  95  9:21  Adept x5  
  111  9:31  Probe  
  112  9:42  Stalker x6  
  124  9:50  Gateway  
  124  9:51  Gateway  
  124  10:01  Probe  
  125  10:14  Immortal  
  125  10:16  Stalker  
  125  10:17  Stalker x5  
  141  10:40  Pylon  
  141  10:43  Protoss Ground Weapons Level 3 (Chrono Boost), Pylon  
  141  10:45  Protoss Ground Armor Level 3 (Chrono Boost)  
  141  10:46  Nexus  
  141  10:51  Pylon  
  141  10:56  Pylon  
  141  11:03  Dark Templar x3  
  147  11:04  Dark Templar  
  133  11:32  Adept  
  131  11:33  Adept x3  
  131  12:04  Adept  
  131  12:05  Adept x7  
  125  12:21  Warp Prism  
  125  12:30  Adept x8  
  141  12:41  Assimilator  
  141  12:52  Assimilator, High Templar x3  
  141  12:54  Stalker  
  141  12:55  Stalker x4  
  141  13:22  Archon  
Tags
 
Add a new tag
Caveats
  • Supply blocks, unpowered buildings, or Contaminate may cause inaccurate times.
  • Supply counts are checked every 10 seconds.